 Dungeon Crawl Stone Soup version 0.31.0-4-g52a2dc7128 (webtiles) character file.

Game seed: 7853155112995244009

78 Lungfish the Ruffian (level 4, -1/32 HPs)
             Began as a Demonspawn Shapeshifter on Jan 23, 2024.
             Slain by Natasha (8 damage)
             ... on level 2 of the Dungeon.
             The game lasted 00:03:30 (1051 turns).

Lungfish the Ruffian (Demonspawn Shapeshifter)      Turns: 1051, Time: 00:03:31

Health: -1/32      AC:  3    Str: 17    XL:     4   Next: 15%
Magic:  4/4        EV: 11    Int: 10    God:
Gold:   54         SH:  0    Dex: 12    Spells: 3/3 levels left

rFire   . .          .
                       - Unarmed
rCold   . . .        (no shield)
rNeg    . . .        e - +0 leather armour
rPois   .            (helmet currently unavailable)
rElec   .            (cloak currently unavailable)
rCorr   .            (gloves currently unavailable)
SInv    .            (boots currently unavailable)
Will    .....        (no amulet)
Stlth   +            (no ring)
HPRegen 0.25/turn    (no ring)
MPRegen 0.09/turn

%: no passive effects
@: beast-form
A: beast (slay +1), antennae 1, demonic guardian 1
a: Begin Untransformation


You were on level 2 of the Dungeon.
You were a hulking beast.
You visited 1 branch of the dungeon, and saw 2 of its levels.

You collected 54 gold pieces.

Inventory:

Armour
 e - a +0 leather armour (worn)
Talismans
 c - a beast talisman
 d - a flux talisman
Wands
 l - a wand of charming (15)
Scrolls
 g - a scroll of torment {unknown}
 h - 4 scrolls of identify {unknown}
 i - a scroll of teleportation {unknown}
 m - a scroll of fog {unknown}
Potions
 a - 2 potions of degeneration {unknown}
 b - 2 potions of lignification
 f - 2 potions of ambrosia {unknown}
 j - a potion of attraction {unknown}
 k - 2 potions of mutation {unknown}


   Skills:
 - Level 1.0 Fighting
 - Level 1.7 Dodging
 + Level 4.6 Unarmed Combat
 - Level 2.6 Shapeshifting


You had 3 spell levels left.
You didn't know any spells.
Your spell library was empty.

Dungeon Overview and Level Annotations

Branches:
Dungeon (2/15)

Altars:
Qazlal

Annotations:
D:2 Natasha


Innate Abilities, Weirdness & Mutations

You are a hulking beast.
Your limbs bulge with bestial killing power. (Slay +1)
You have a pair of small antennae on your head.
A weak demonic guardian rushes to your aid.


Message History

You punch the ribbon worm!
The ribbon worm is heavily wounded.
The ribbon worm expels a string of sticky webbing.
The stream of webbing hits you but does no damage.
You are caught in a web!
You struggle to detach yourself from the web.
The ribbon worm bites you but does no damage.
The web tears apart.
The ribbon worm bites you but does no damage.
You punch the ribbon worm!
The ribbon worm is almost dead.
You punch the ribbon worm!
You kill the ribbon worm!
You see here a ribbon worm corpse.
m - a scroll labelled COLOAWA DETZAU An endoplasm comes into view.
You barely miss the endoplasm. The endoplasm misses you.
You punch the endoplasm!
You kill the endoplasm!
Natasha, Servant of Life and Death comes into view.
Natasha hisses angrily.
Natasha claws you.
You barely miss Natasha.
Natasha stares at you and mumbles some strange words.
The magic dart hits you.
You hit Natasha.
Natasha is moderately wounded.
Natasha claws you.
You hit Natasha but do no damage.
Natasha is moderately wounded.
Natasha closely misses you.
You hit Natasha but do no damage.
Natasha is moderately wounded.
Natasha claws you!
* * * LOW HITPOINT WARNING * * *
You hit Natasha.
Natasha is heavily wounded.
Natasha claws you!
You die...
Natasha begins licking her fur clean.

#..# #........# #.##
#..#.....#
#.####..#.....#
####|##...##.#####
#.......#.##.#
.....##.####....# #
#.## #.###...### ...
# #.##...######..#
###.#.##......hh...#
#..........#####...#
#......†...#####.###
!........#.........#
......#....#.######
.#......####.#
.............##
.####.#...##..## .#
#.#....#...##


You could see Natasha.

Vanquished Creatures
  Natasha (D:2)
  A ribbon worm (D:2)
  2 dart slugs (D:1)
  4 ball pythons
  4 bats
  5 endoplasms
  A giant cockroach (D:1)
  2 hobgoblins
  3 jackals (D:2)
  A quokka (D:2)
  4 frilled lizards
  3 kobolds
  2 rats (D:1)
33 creatures vanquished.

Vanquished Creatures (collateral kills)
  An adder (D:2)
  A hobgoblin (D:2)
  A quokka (D:1)
3 creatures vanquished.

Grand Total: 36 creatures vanquished

Notes
Turn   | Place    | Note
-------+----------+-------------------------------------------
     0 | D:1      | Lungfish the Demonspawn Shapeshifter began the quest for
                  | the Orb.
     0 | D:1      | Reached XP level 1. HP: 15/15 MP: 1/1
    77 | D:1      | Reached skill level 3 in Unarmed Combat
   153 | D:1      | Gained mutation: A weak demonic guardian rushes to your
                  | aid. [demonic ancestry]
   153 | D:1      | Reached XP level 2. HP: 16/21 MP: 2/2
   716 | D:2      | Noticed Natasha
   716 | D:2      | Found a stormy altar of Qazlal.
   724 | D:2      | Killed Natasha
   725 | D:2      | Reached skill level 4 in Unarmed Combat
   725 | D:2      | Gained mutation: You have a pair of small antennae on your
                  | head. [demonic ancestry]
   725 | D:2      | Reached XP level 3. HP: 21/26 MP: 3/3
   932 | D:2      | Reached XP level 4. HP: 18/32 MP: 4/4
  1044 | D:2      | Noticed Natasha
  1051 | D:2      | Slain by Natasha

Illustrated notes

Levels and vault maps discovered:
D:1:      spicycebolla_green_bress_n_ham_2, layout_loops_ring,
          kennysheep_decorative_pillar
D:2:      layout_rooms, basic_altar, uniq_natasha

Skill      XL: |  1  2 |
---------------+-------+-----
Unarmed Combat | 3 4 |  4.6
Fighting       | |  1.0
Dodging        | |  1.7
Shapeshifting  | |  2.6

Action                     |  1- 3 |  4- 6 || total
---------------------------+-------+-------++-------
  Melee: Unarmed           |    78 |    14 ||    92
         Punch             |     3 |     2 ||     5
   Stab: Sleeping          |     1 |       ||     1
 Armour: Animal skin       |    11 |       ||    11
         Leather armour    |    23 |     9 ||    32
  Dodge: Dodged            |    27 |     4 ||    31
